 Dungeon Crawl Stone Soup version 0.31-a0-557-g6e16503903 (webtiles) character file.

Game seed: 9057327769719794220

11469 2FriedEggs the Grappler (level 11, -4/119 HPs)
             Began as an Ogre Shapeshifter on Aug 16, 2023.
             Was a Priest of Ru.
             Slain by a cane toad (14 damage)
             ... on level 9 of the Dungeon.
             The game lasted 00:26:39 (12067 turns).

2FriedEggs the Grappler (Ogre Shapeshifter)        Turns: 12067, Time: 00:26:40

Health: -4/119     AC:  5    Str: 31    XL:     11   Next: 78%
Magic:  11/11      EV: 10    Int:  7    God:    Ru [***...]
Gold:   620        SH:  0    Dex: 17    Spells: 10/10 levels left

rFire   . .          .
                       - Unarmed
rCold   + . .        (shield currently unavailable)
rNeg    . . .        A - +0 troll leather armour
rPois   .            (helmet restricted)
rElec   .            (no cloak)
rCorr   .            (gloves unavailable)
SInv    .            (boots unavailable)
Will    +....        (no amulet)
Stlth   +            i - ring "Ruorol" {*Slow rC+ AC+4 Dex+8}
HPRegen 1.19/turn    u - +6 ring of strength
MPRegen 0.12/turn

%: slow self (1%)
@: lethally poisoned (-4 -> -9), blade hands
A: large, unfitting armour, dopey 1, tough skin 1, inability to use devices
a: Begin Untransformation, Renounce Religion, Draw Out Power


You were on level 9 of the Dungeon.
You worshipped Ru.
Ru was most pleased with you.
You had blades for hands.
You visited 3 branches of the dungeon, and saw 12 of its levels.
You also visited: Sewer and Bailey.

You collected 620 gold pieces.

Inventory:

Hand Weapons
 k - the +1 spear of the Unseen Realm {heavy, rF+ rC+ Dex-2}
   (You found it on level 3 of the Dungeon)

   Dex-2:     It affects your dexterity (-2).
   rF+:       It protects you from fire.
   rC+:       It protects you from cold.
Armour
 a - a +1 animal skin
 z - a +1 robe of willpower
 A - a +0 troll leather armour (worn)
 D - a +2 robe of cold resistance
Jewellery
 i - the ring "Ruorol" (left blade hand) {*Slow rC+ AC+4 Dex+8}
   (You found it on level 2 of the Dungeon)

   [ring of protection]

   AC+4:      It affects your AC (+4).
   Dex+8:     It affects your dexterity (+8).
   rC+:       It protects you from cold.
   *Slow:     It may slow you when you take damage.
 j - a +6 ring of intelligence
 n - a ring of protection from cold
 u - a +6 ring of strength (right blade hand)
 y - a ring of flight
Talismans
 c - a beast talisman
 d - a flux talisman
 C - a blade talisman (active)
Wands
 s - a wand of digging (8)
Scrolls
 b - a scroll of immolation
 e - a scroll of fear
 f - 3 scrolls of enchant weapon
 g - 5 scrolls of teleportation
 h - 5 scrolls of amnesia
 m - a scroll of poison
 r - 2 scrolls of fog
 t - 2 scrolls of identify
 v - a scroll of enchant armour
 x - a scroll of blinking {unknown}
Potions
 l - a potion of cancellation {unknown}
 o - 7 potions of enlightenment
 p - 6 potions of heal wounds {unknown}
 q - 3 potions of curing
 w - a potion of lignification
 B - a potion of magic {unknown}


   Skills:
 + Level 10.9 Fighting
 - Level 1.7 Dodging
 * Level 11.0 Unarmed Combat
 * Level 10.4 Shapeshifting


You had 10 spell levels left.
You didn't know any spells.
Your spell library contained the following spells:

 Spells                   Type           Power      Damage    Failure   Level
 Freeze                   Ice            0%         1d3       45%         1
 Slow                     Hex            0%         N/A       45%         1
 Blink                    Tloc           0%         N/A       61%         2
 Lesser Beckoning         Tloc           0%         N/A       61%         2
 Momentum Strike          Conj/Tloc      0%         3d8       61%         2
 Static Discharge         Conj/Air       0%         2-2/arc   61%         2
 Confusing Touch          Hex            0%         N/A       83%         3
 Frozen Ramparts          Ice            0%         1d1       83%         3
 Hailstorm                Conj/Ice       0%         3d3       83%         3
 Stone Arrow              Conj/Erth      0%         3d7       83%         3
 Vampiric Draining        Necr           0%         2d6       83%         3
 Airstrike                Air            0%         2d(0-16)  99%         4
 Animate Armour           Summ/Erth      0%         N/A       99%         4
 Summon Lightning Spire   Summ/Air       0%         N/A       99%         4
 Lehudib's Crystal Spear  Conj/Erth      0%         10d2      100%        8


Dungeon Overview and Level Annotations

Branches:
Dungeon (10/15)            Temple (1/1) D:6            Lair (1/5) D:9
  Sewer (visited)          Bailey (visited)
    Orc: D:9-12

Altars:
Ashenzari
Dithmenos
Elyvilon
Fedhas
Gozag
Hepliaklqana
Kikubaaqudgha
Makhleb
Nemelex Xobeh
Okawaru
Qazlal
Ru
Sif Muna
Trog
Uskayaw
Vehumet
Wu Jian
Xom
Yredelemnul
Zin
The Shining One

Annotations:
D:5 1 runed translucent door, Crazy Yiuf


Innate Abilities, Weirdness & Mutations

You have blades for hands.
Your spellcasting is less reliable in this form.
You are incapable of wielding weapons or throwing items.
You are too large for most types of armour.
You are dopey. (Int -2)
You have tough skin. (AC +1)
You cannot study or use magical devices.


Message History

The cane toad barely misses you.
You climb upwards.
Welcome back to the Dungeon!
There is a staircase to the Lair here.
Unknown command.
You slice the cane toad!! Your slash misses the cane toad.
The cane toad is severely wounded.
The cane toad stings you. The cane toad misses you. The cane toad stings you!
You shred the cane toad!!!
You kill the cane toad!
The cane toad closely misses you. The cane toad stings you!
Your Unarmed Combat skill increases to level 11!
You slice the cane toad!!
The cane toad is heavily wounded.
The cane toad barely misses you. x2
You slash the cane toad!
The cane toad is severely wounded.
The cane toad stings you! The cane toad completely misses you.
You closely miss the cane toad.
The cane toad is severely wounded.
The cane toad closely misses you. The cane toad stings you!
You closely miss the cane toad.
The cane toad is severely wounded.
The cane toad misses you. The cane toad stings you!
You hit the cane toad but do no damage. Your slash misses the cane toad.
The cane toad is severely wounded.
The cane toad barely misses you. The cane toad stings you!!
You are poisoned.
The cane toad poisons you!
You are too injured to fight recklessly!
You are too injured to fight recklessly!
You closely miss the cane toad.
The cane toad is severely wounded.
You feel very sick. The cane toad stings you!!
* * * LOW HITPOINT WARNING * * *
You feel better. The cane toad stings you!
* * * LOW HITPOINT WARNING * * *
You are poisoned.
The cane toad poisons you! The cane toad stings you!
You die...

.#)#.# #.......[................
.#.#.# #...................)....
.#.#.# #............#.(.........
.....# #.........)..(.#######...
##.#######............P# #...
##.###.###.....♣.......## #...
#...#.#.#♣..............# #...
.......#........F.......### #...
#...#...#.......@F..♣.....####...
##.###.##......†........#.#/.....
### #.##......♣..........#.####.
#.###.............##...††...
#......♣..........##...####.
####.#..........♣#.....#####
#.##♣........##.......#
#............##...#.#.###
############......#.....#


You could see 2 cane toads.

Vanquished Creatures
  Fannar (D:9)
  3 two-headed ogres
  A cane toad (D:9)
  A troll (D:9)
  3 wyverns (D:9)
  A basilisk (D:9)
  18 yaks
  Eustachio (D:4)
  4 water moccasins (D:9)
  An ice beast (D:5)
  8 orc warriors
  A black bear (D:4)
  A sky beast (D:5)
  3 ogres
  A centaur (D:7)
  A kobold brigand (D:9)
  4 bullfrogs
  3 scorpions
  18 wights
  2 jellies (D:4)
  5 killer bees (D:7)
  An electric eel (D:8)
  6 howler monkeys
  2 hounds
  3 gnoll boudas
  10 orc priests
  Ijyb (D:3)
  7 iguanas
  9 orc wizards
  A statue (D:7)
  Terence (D:2)
  4 river rats (Sewer)
  17 adders
  19 gnolls
  3 shadow imps
  A white imp (D:6)
  2 ufetubi
  3 worms
  6 dart slugs
  52 orcs
  9 bats
  6 endoplasms
  7 giant cockroaches
  8 goblins
  4 hobgoblins
  3 jackals
  22 kobolds
  11 quokkas
  14 ball pythons
  6 frilled lizards
  3 rats
322 creatures vanquished.

Vanquished Creatures (others)
  An orc wizard (D:5)
1 creature vanquished.

Grand Total: 323 creatures vanquished

Notes
Turn   | Place    | Note
-------+----------+-------------------------------------------
     0 | D:1      | 2FriedEggs the Ogre Shapeshifter began the quest for the
                  | Orb.
     0 | D:1      | Reached XP level 1. HP: 19/19 MP: 1/1
   132 | D:1      | Reached XP level 2. HP: 24/28 MP: 2/2
   317 | D:1      | Reached skill level 3 in Unarmed Combat
   317 | D:1      | Reached XP level 3. HP: 23/35 MP: 3/3
   984 | D:2      | Noticed Terence
   994 | D:2      | Killed Terence
   995 | D:2      | Reached XP level 4. HP: 41/44 MP: 4/4
  1449 | D:2      | Identified the ring "Ruorol" {*Slow rC+ AC+4 Dex+8}
  1667 | D:3      | Reached XP level 5. HP: 48/53 MP: 5/5
  1670 | D:3      | Identified the +1 spear of the Unseen Realm {heavy, rF+ rC+
                  | Dex-2}
  1685 | D:3      | Noticed Ijyb
  2003 | D:3      | Killed Ijyb
  2202 | D:3      | Reached XP level 6. HP: 61/62 MP: 6/6
  2279 | D:3      | Reached skill level 4 in Unarmed Combat
  2640 | D:4      | Noticed a black bear
  2719 | D:4      | Found an ornate altar of the Wu Jian Council.
  2983 | D:4      | Reached XP level 7. HP: 70/71 MP: 7/7
  3015 | D:4      | Reached skill level 5 in Shapeshifting
  3110 | D:4      | Noticed Eustachio
  3139 | D:4      | Killed Eustachio
  3140 | D:4      | Reached skill level 5 in Fighting
  3140 | D:4      | Reached skill level 5 in Unarmed Combat
  3556 | D:4      | Reached XP level 8. HP: 42/80 MP: 8/8
  4022 | D:5      | Entered Level 5 of the Dungeon
  4602 | D:5      | Reached skill level 6 in Unarmed Combat
  4832 | D:5      | Found a white marble altar of Elyvilon.
  4918 | D:5      | Found a runed translucent door.
  4919 | D:5      | Noticed Crazy Yiuf
  5383 | D:6      | Found a staircase to the Ecumenical Temple.
  5697 | Temple   | Entered the Ecumenical Temple
  5832 | D:6      | Found a glowing drain.
  5843 | Sewer    | Entered a sewer
  5850 | Sewer    | Reached XP level 9. HP: 92/92 MP: 9/9
  6467 | D:6      | Reached skill level 7 in Unarmed Combat
  6598 | D:6      | Identified the +10 hand axe of the Whelk {flame, +Blink
                  | rC+++ Str-5 Dex-3}
  7275 | D:7      | Reached skill level 8 in Unarmed Combat
  7349 | Temple   | Became a worshipper of Ru the Awakened
  7455 | D:7      | Reached XP level 10. HP: 103/104 MP: 10/10
  7815 | D:7      | Found a radiant altar of Vehumet.
  8444 | D:8      | Found an opulent altar of Gozag.
  8682 | D:8      | Found a sparkling altar of Nemelex Xobeh.
  8781 | D:8      | Gained mutation: You cannot study or use magical devices.
                  | [Ru sacrifice]
  8781 | D:8      | Reached * piety under Ru
  8781 | D:8      | Reached ** piety under Ru
  8971 | D:8      | Found a glowing golden altar of the Shining One.
  8971 | D:8      | Found a blossoming altar of Fedhas.
  8983 | D:8      | Reached skill level 9 in Unarmed Combat
  9369 | D:8      | Noticed a two-headed ogre
  9379 | D:8      | Killed a two-headed ogre
  9650 | D:8      | Noticed a +0 dagger
  9651 | D:8      | Noticed a +0 hand axe
  9654 | D:8      | Found a hide-covered altar of Uskayaw.
  9898 | D:8      | Found an iron altar of Okawaru.
  9968 | D:8      | Found a burning altar of Makhleb.
 10273 | D:9      | Found a stormy altar of Qazlal.
 10349 | D:9      | Found a flagged portal.
 10358 | Bailey   | Entered a bailey
 10578 | Bailey   | Identified the +8 quarterstaff "Ugefalof" {heavy, rPois
                  | Int+3}
 10955 | D:9      | Reached XP level 11. HP: 95/117 MP: 11/11
 11319 | D:9      | Reached skill level 10 in Unarmed Combat
 11338 | D:9      | Noticed a two-headed ogre
 11348 | D:9      | Killed a two-headed ogre
 11349 | D:9      | Reached skill level 10 in Fighting
 11543 | D:9      | Reached skill level 10 in Shapeshifting
 11617 | D:9      | Found a staircase to the Lair.
 11696 | D:9      | Gained mutation: You are dopey. (Int -2) [Ru sacrifice]
 11696 | D:9      | Reached *** piety under Ru
 11775 | D:9      | Noticed a two-headed ogre
 11782 | D:9      | Killed a two-headed ogre
 11923 | D:10     | Entered Level 10 of the Dungeon
 11926 | D:10     | Noticed a two-headed ogre
 12002 | Lair:1   | Entered Level 1 of the Lair of Beasts
 12002 | Lair:1   | Noticed Fannar
 12015 | D:9      | Killed Fannar
 12061 | D:9      | Reached skill level 11 in Unarmed Combat
 12067 | D:9      | Slain by a cane toad

Illustrated notes

Levels and vault maps discovered:
D:1:      grunt_arrival_lava_bath, layout_rooms, reono_crystal_passage
D:2:      layout_basic, uniq_terence
D:3:      layout_loops_ring, uniq_ijyb
D:4:      layout_cave_pools, mainiacjoe_overflow_24_doors, serial_column_ruins,
          column_ruins_hut, column_ruins_open_large, column_ruins_open_tiny,
          column_ruins_open_small, column_ruins_open_tiny, column_ruins_grid_2,
          column_ruins_open_tiny, wad_orctagon, uniq_eustachio
D:5:      layout_cave_pools, nicolae_elyvilon_temple_path,
          minmay_misc_feat_diagonals, corexii_hall_statues_x,
          uniq_crazy_yiuf_cottage
D:6:      layout_rooms, minmay_temple_entry_glass, portal_sewer_entry_f
D:7:      layout_basic, vehumet_statue, nicolae_titane
D:8:      layout_basic, lemuel_doored_altar, nicolae_gozag_seed_capital,
          dancing_weapons_uskayaw, old_standard_altar, pf_just_have_faith,
          nicolae_overflow_two_pavilions, serial_co_window_serial,
          co_window_paths_b, co_window_corner_a, co_window_cross_1,
          co_window_paths_a, co_window_paths_b, co_window_cross_1,
          co_window_corner_a, co_window_broadway_c, co_window_2corner,
          co_window_corner_b, co_window_2corner, co_window_4corner_a,
          co_window_paths_d, glass_columns_a, glass_columns_a, glass_columns_c,
          glass_columns_b, glass_columns_a, lightli_ossuary_entry_decrepit_ruins
D:9:      layout_loops_cross, nicolae_qazlal_general_emergency,
          minmay_lair_entry_grove, enter_bailey_8
D:10:     minmay_clustersquares, layout_small_grid, cheibriados_altar_1,
          ebering_ghost_funeral_grove, kennysheep_generic_room_7
Temple:   hellmonk_temple_beads
Lair:1:   layout_roguey, dreamdust_deal_with_the_devil, lemuel_centaur_altar,
          uniq_urug, uniq_erica, uniq_fannar

Skill      XL: |  1  2  3  4  5  6  7  8  9 10 11 |
---------------+----------------------------------+-----
Fighting       | 2 3 4 5 6 8 9 10 | 10.9
Unarmed Combat | 3 4 5 6 8 9 11 | 11.0
Shapeshifting  | 4 5 6 8 9 10 | 10.4
Dodging        | |  1.7

Action                     |  1- 3 |  4- 6 |  7- 9 | 10-12 || total
---------------------------+-------+-------+-------+-------++-------
  Melee: Unarmed           |   112 |   182 |   386 |   401 ||  1081
         Punch             |     1 |     7 |    13 |     5 ||    26
 Invoke: Sacrifice Artific |       |       |       |     1 ||     1
         Sacrifice Purity  |       |       |       |     1 ||     1
Ability: Begin Untransform |       |       |     1 |       ||     1
  Evoke: Wand              |       |       |     6 |       ||     6
    Use: Potion            |     2 |     3 |       |     2 ||     7
         Scroll            |       |     2 |     6 |     3 ||    11
   Stab: Sleeping          |       |     5 |     1 |       ||     6
         Distracted        |       |     1 |       |     1 ||     2
         Invisible         |       |       |       |     2 ||     2
 Armour: Animal skin       |    42 |    68 |   211 |    70 ||   391
         Skin              |     8 |     2 |       |       ||    10
         Troll leather arm |       |       |       |     6 ||     6
         Robe              |       |       |       |     1 ||     1
  Dodge: Dodged            |    68 |    87 |   250 |   137 ||   542
   Form: Flux              |       |       |     1 |       ||     1
         Blade             |       |       |       |     1 ||     1

Table legend: (Time is in decaauts)
 A = Elapsed time spent in this place.
 B = Non-inter-level travel time spent in this place.
 C = Inter-level travel time spent in this place.
 D = Time resting spent in this place.
 E = Time spent auto-exploring this place.
 F = Levels seen in this place.
 G = Mean time per level.
                   A        B        C        D        E       F      G
               +--------+--------+--------+--------+--------+-----+--------+
         Total |  11957 |  11499 |    458 |   1427 |   7624 |  14 |  854.1 |
       Dungeon |  10709 |  10313 |    396 |   1279 |   6993 |  10 | 1070.9 |
        Temple |    126 |     65 |     61 |      0 |     61 |   1 |  126.0 |
          Lair |      6 |      6 |      0 |      0 |      0 |   1 |    6.0 |
         Sewer |    570 |    570 |      0 |      0 |    408 |   1 |  570.0 |
        Bailey |    546 |    546 |      0 |    148 |    162 |   1 |  546.0 |
               +--------+--------+--------+--------+--------+-----+--------+

Top non-repeatable levels by time:
     D:8: 1822 daAuts
     D:4: 1769 daAuts
     D:7: 1225 daAuts
     D:9: 1212 daAuts
     D:5: 1195 daAuts
     D:3: 1075 daAuts
     D:2: 923 daAuts
     D:6: 873 daAuts
     D:1: 606 daAuts
   Sewer: 570 daAuts
  Bailey: 546 daAuts
  Temple: 126 daAuts
    D:10: 6 daAuts
  Lair:1: 6 daAuts
